 Seeded DCSS version 0.29-a0-1019-g84f7d21838 (webtiles) character file.

Game seed: 20220811 (custom seed)

12166 purpskrrrp the Basher (level 11, -8/67 (68) HPs)
             Began as a Gargoyle Monk on Aug 11, 2022.
             Was an Initiate of Gozag.
             Killed from afar by Jorgrun (51 damage)
             ... with an iron shot
             ... while paralysed by an orc sorcerer
             ... on level 2 of the Orcish Mines.
             The game lasted 00:57:53 (12764 turns).

purpskrrrp the Basher (Gargoyle Monk)              Turns: 12764, Time: 00:57:54

HP:   -8/67 (68)    AC: 30    Str: 19    XL:     11   Next: 89%
MP:   0/11          EV:  2    Int: 11    God:    Gozag
Gold: 277           SH:  0    Dex: 12    Spells: 10/10 levels left

rFire   . . .      SeeInvis .   q - +1 demon whip (venom)
rCold   . . .      Faith    .   G - +0 kite shield
rNeg    + . .      Spirit   +   i - +1 storm dragon scales
rPois   ∞          Reflect  .   d - +1 helmet
rElec   +          Harm     .   c - scarf {+Inv}
rCorr   +          Rampage  .   g - +0 pair of gloves
Will    .....                   A - +1 pair of boots
Stlth   ..........              F - amulet of guardian spirit
HPRegen 0.21/turn               f - ring of resist corrosion
MPRegen 0.12/turn               (no ring)

@: paralysed, studying Throwing, lightly drained
A: sickness immunity, AC +8, negative energy resistance 1, electricity
resistance, torment resistance 1, petrification resistance
a: Renounce Religion, Evoke Invisibility, Potion Petition, Call Merchant, Bribe
Branch


You were on level 2 of the Orcish Mines.
You worshipped Gozag.
Gozag was aware of your devotion.
You visited 3 branches of the dungeon, and saw 13 of its levels.

You collected 1247 gold pieces.
You spent 388 gold pieces at shops.
You paid 582 gold pieces to Gozag.

Inventory:

Hand Weapons
 a - a +6 mace
 j - a +2 morningstar of flaming
 q - a +1 demon whip of venom (weapon)
 u - the +5 falchion "Yrghar" {flame, rC+ Dex+6}
   (You took it off a deep elf pyromancer on level 9 of the Dungeon)

   It burns those it strikes, dealing additional fire damage.
   Big, fiery blades are also staple armaments of hydra-hunters.
   Dex:       It affects your dexterity (+6).
   rC:        It protects you from cold.
 v - a +3 great mace of protection
 w - the +1 war axe "Macaple" {holy, rN+ Str-2 Int+5 Dex+3}
   (You found it on level 8 of the Dungeon)

   It has been blessed by the Shining One to cause great damage to the undead
   and demons.
   Str:       It affects your strength (-2).
   Int:       It affects your intelligence (+5).
   Dex:       It affects your dexterity (+3).
   rN:        It protects you from negative energy.
 y - a +0 long sword of holy wrath
 B - the +1 morningstar of Nina {vorpal, rC+ Dex+2}
   (You found it on level 8 of the Dungeon)

   It inflicts extra damage upon your enemies.
   Dex:       It affects your dexterity (+2).
   rC:        It protects you from cold.
Missiles
 t - a throwing net
Armour
 b - a +0 robe
 c - a scarf of invisibility (worn)
 d - a +1 helmet (worn)
 g - a +0 pair of gloves (worn)
 h - a +0 leather armour
 i - +1 storm dragon scales (worn)
 A - a +1 pair of boots (worn)
 G - a +0 kite shield (worn)
Jewellery
 f - a ring of resist corrosion (left hand)
 F - an amulet of guardian spirit (around neck)
Wands
 l - a wand of paralysis (12)
 o - a wand of flame (62) (quivered)
 x - a wand of roots (7)
 z - a wand of mindburst (2)
 H - a wand of light (3)
Scrolls
 n - 2 scrolls of teleportation
 r - 3 scrolls of noise
 D - a scroll of poison
 J - a scroll of summoning
 K - a scroll of magic mapping {unknown}
Potions
 e - 3 potions of degeneration
 k - 6 potions of curing
 m - 2 potions of attraction
 p - 3 potions of haste
 s - 2 potions of flight {unknown}
 I - a potion of brilliance {unknown}
 L - a potion of heal wounds
 M - a potion of might {unknown}


   Skills:
 + Level 8.2 Fighting
 - Level 2.5(8.2) Axes
 * Level 13.1(13.2) Maces & Flails
 * Level 10.8 Armour
 + Level 4.1 Dodging
 + Level 4.7 Stealth
 * Level 0.6 Shields
 + Level 0.3 Evocations


You had 10 spell levels left.
You didn't know any spells.
Your spell library was empty.

Dungeon Overview and Level Annotations

Branches:
Dungeon (10/15)            Temple (1/1) D:7             Orc (2/2) D:9
   Lair: D:8-11         Elf: Orc:2

Altars:
Ashenzari
Cheibriados
Dithmenos
Elyvilon
Fedhas
Gozag
Hepliaklqana
Kikubaaqudgha
Makhleb
Nemelex Xobeh
Okawaru
Qazlal
Ru
Sif Muna
Trog
Uskayaw
Vehumet
Wu Jian
Xom
Yredelemnul
Zin
The Shining One

Shops:
D:8 [   Orc:1 *

Annotations:
Orc:2 Jorgrun


Innate Abilities, Weirdness & Mutations

You are immune to sickness and miasma.
Your stone body is resilient. (AC +8)
You are immune to poison.
You resist negative energy. (rN+)
You are resistant to electric shocks. (rElec)
You are resistant to unholy torment.
You are immune to petrification.


Message History

Found a stone staircase leading up.
You now have 277 gold pieces (gained 19).
Found 10 gold pieces.
Jorgrun Earthshaker comes into view.
He is wielding a +0 vorpal quarterstaff and wearing a +1 robe of positive energy.
Jorgrun shouts!
You hear a shout!
Some rock shatters into small pieces.
Found an escape hatch in the ceiling.
An orc sorcerer comes into view.
It is wielding a +0 dagger and wearing a +2 robe of positive energy.
Jorgrun casts a spell at you.
You struggle to resist.
The orc sorcerer shouts, "You can't withstand my power!"
An orc priest comes into view. It is wielding a +0 flail.
The orc priest shouts!
An orc priest comes into view. It is wielding a +0 club.
The orc sorcerer gestures at you while chanting.
The bolt of negative energy hits you! You partially resist.
You feel drained.
The orc priest calls down the wrath of Beogh upon you.
You struggle to resist.
Jorgrun casts a spell at you.
Roots burst forth from the earth!
The grasping roots grab you! The grasping roots constrict you.
The orc priest calls down the wrath of Beogh upon you.
You struggle to resist.
The roots grasp on you weakens, but your attempt to escape fails.
The grasping roots constrict you.
You escape the roots grasp.
The orc sorcerer casts a spell at you. The bolt of fire hits you!
Jorgrun points at you and mumbles some strange words.
The iron shot misses you. The orc sorcerer casts a spell at you.
You suddenly lose the ability to move!
The orc priest completely misses you.
The orc priest invokes the aid of Beogh against you.
You struggle to resist.
Jorgrun points at you and mumbles some strange words.
The iron shot hits you!!!
Ouch! That really hurt!
You die...
Your body crumbles into a pile of gold.

##### ##..# ##.#.## #...# ## #
##.....# #...#### ##. # #..<#.###
#.....# ##.###
#####.#)..<#####.o..## #....#
..####)......##......#####....##
...#..).......#..o<...##.......#.
..#.............@...g............
..................#.o.......#..$.
#.......#.........#........## ...
##.....####......####.....## <.
........#.......#####......# .
..#.#............#.#...#.....#
.#####........#........#.......
..# #..........#.......#.#.....
.## ##....#.#.#........###.....


You could see Jorgrun, an orc sorcerer and 2 orc priests.

Vanquished Creatures
  2 two-headed ogres
  A centaur warrior (D:9)
  Erica (D:8)
  A skeletal warrior (D:9)
  A deep elf pyromancer (D:9)
  An orc sorcerer (Orc:2)
  Maggie (D:8)
  2 shadows (D:9)
  Sigmund (D:2)
  A wyvern (D:9)
  Grum (D:8)
  11 yaks (D:9)
  A steam dragon (D:8)
  Menkaure (D:4)
  An acid dragon (D:9)
  5 water moccasins
  A sky beast (D:8)
  3 black bears
  5 orc warriors
  2 ogres
  2 wolves (D:8)
  3 centaurs
  3 phantoms
  A kobold brigand (D:7)
  5 bullfrogs
  2 necrophages
  A gnoll sergeant (D:9)
  A scorpion (D:4)
  6 wights
  10 killer bees
  5 howler monkeys
  A gnoll bouda (D:4)
  8 orc priests
  A jelly (D:8)
  Jessica (D:2)
  An iguana (D:5)
  Natasha (thrice) (D:2)
  10 orc wizards
  7 gnolls
  10 adders
  A shadow imp (D:8)
  A white imp (D:6)
  2 worms (D:2)
  2 dart slugs (D:1)
  40 orcs
  5 ball pythons
  5 endoplasms
  4 giant cockroaches
  6 goblins
  7 hobgoblins
  4 jackals
  3 kobolds
  3 quokkas
  4 bats
  2 frilled lizards
  4 rats
217 creatures vanquished.

Vanquished Creatures (collateral kills)
  Amaemon (D:9)
  An orange demon (D:9)
2 creatures vanquished.

Vanquished Creatures (others)
  43 fungi (D:10)
  45 plants
88 creatures vanquished.

Grand Total: 307 creatures vanquished

Notes
Turn   | Place    | Note
-------+----------+-------------------------------------------
     0 | D:1      | purpskrrrp the Gargoyle Monk began the quest for the Orb.
     0 | D:1      | Reached XP level 1. HP: 14/14 MP: 1/1
   222 | D:1      | Reached XP level 2. HP: 19/19 MP: 2/2
   834 | D:2      | Noticed Jessica
   841 | D:2      | Reached XP level 3. HP: 16/23 MP: 3/3
   844 | D:2      | Killed Jessica
   861 | D:2      | Reached XP level 4. HP: 16/29 MP: 4/4
  1234 | D:2      | Noticed Natasha
  1243 | D:2      | Killed Natasha
  1244 | D:2      | Reached skill level 4 in Maces & Flails
  1300 | D:2      | Noticed Sigmund
  1360 | D:2      | Killed Sigmund
  1361 | D:2      | Reached skill level 5 in Maces & Flails
  1361 | D:2      | Reached skill level 1 in Armour
  1361 | D:2      | Reached XP level 5. HP: 33/33 MP: 5/5
  1361 | D:2      | Reached XP level 6. HP: 38/38 MP: 6/6
  1420 | D:2      | Noticed Natasha
  1435 | D:2      | Killed Natasha
  1953 | D:2      | Noticed Natasha
  1964 | D:2      | Killed Natasha
  2262 | D:3      | Found a faded altar of an unknown god.
  2721 | D:3      | Reached skill level 6 in Maces & Flails
  2893 | D:4      | Reached XP level 7. HP: 23/43 MP: 7/7
  3294 | D:4      | Noticed Menkaure
  3306 | D:4      | Killed Menkaure
  3316 | D:4      | Reached skill level 7 in Maces & Flails
  3748 | D:5      | Entered Level 5 of the Dungeon
  4016 | D:4      | Reached skill level 5 in Fighting
  4016 | D:4      | Reached XP level 8. HP: 22/49 MP: 8/8
  4687 | D:4      | Reached skill level 8 in Maces & Flails
  4986 | D:5      | Found a glowing silver altar of Zin.
  5656 | D:6      | Reached skill level 9 in Maces & Flails
  5656 | D:6      | Reached XP level 9. HP: 53/55 MP: 9/9
  5807 | D:6      | Reached skill level 5 in Armour
  6105 | D:6      | Found an iron altar of Okawaru.
  6522 | D:7      | Found a stormy altar of Qazlal.
  6887 | D:7      | Found a staircase to the Ecumenical Temple.
  7007 | D:7      | Reached skill level 10 in Maces & Flails
  7864 | Temple   | Entered the Ecumenical Temple
  8140 | Temple   | Became a worshipper of Gozag Ym Sagoz the Greedy
  8418 | D:8      | Noticed a two-headed ogre
  8427 | D:8      | Killed a two-headed ogre
  8428 | D:8      | Reached XP level 10. HP: 42/61 MP: 10/10
  8557 | D:8      | Noticed Erica
  8593 | D:8      | Killed Erica
  8594 | D:8      | Reached skill level 11 in Maces & Flails
  8679 | D:8      | Identified the +1 war axe "Macaple" {holy, rN+ Str-2 Int+5
                  | Dex+3}
  8906 | D:8      | Noticed Grum
  8925 | D:8      | Killed Grum
  8926 | D:8      | Reached skill level 1 in Axes
  8926 | D:8      | Found a shimmering blue altar of Sif Muna.
  8926 | D:8      | Found a radiant altar of Vehumet.
  9229 | D:8      | Found a sacrificial altar of Ru.
  9556 | D:8      | Identified the +1 morningstar of Nina {vorpal, rC+ Dex+2}
  9877 | D:8      | Noticed Maggie
  9892 | D:8      | Killed Maggie
 10180 | D:9      | Found a broken altar of Ashenzari.
 10217 | D:9      | Found an ornate altar of the Wu Jian Council.
 10350 | D:9      | Found a staircase to the Orcish Mines.
 10420 | D:9      | Reached XP level 11. HP: 48/68 MP: 11/11
 10780 | D:9      | Reached skill level 12 in Maces & Flails
 10874 | D:9      | Noticed a death knight
 11181 | D:9      | Noticed a two-headed ogre
 11193 | D:9      | Killed a two-headed ogre
 11198 | D:9      | Noticed a skeletal warrior
 11217 | D:9      | Reached skill level 10 in Armour
 11725 | D:9      | Identified the +5 falchion "Yrghar" {flame, rC+ Dex+6}
 11725 | D:9      | Noticed a deep elf pyromancer
 11734 | D:9      | Noticed Amaemon
 11771 | D:9      | Killed a skeletal warrior
 11821 | D:10     | Entered Level 10 of the Dungeon
 11821 | D:10     | Noticed a two-headed ogre
 11968 | D:9      | Noticed a centaur warrior
 11979 | D:9      | Killed a centaur warrior
 12098 | D:9      | Killed Amaemon
 12115 | D:9      | Killed a deep elf pyromancer
 12116 | D:9      | Reached skill level 13 in Maces & Flails
 12346 | Orc:1    | Entered Level 1 of the Orcish Mines
 12346 | Orc:1    | Found Oha Zaom's Assorted Antiques.
 12374 | Orc:1    | Bought a dented filigree amulet for 100 gold pieces
 12374 | Orc:1    | Bought a scroll of enchant weapon for 150 gold pieces
 12374 | Orc:1    | Bought a scroll labelled DAASETZ URYVU for 20 gold pieces
 12374 | Orc:1    | Bought a potion of heal wounds for 100 gold pieces
 12374 | Orc:1    | Bought a yellow potion for 18 gold pieces
 12489 | Orc:2    | Entered Level 2 of the Orcish Mines
 12621 | Orc:2    | Noticed an orc sorcerer
 12636 | Orc:2    | Killed an orc sorcerer
 12748 | Orc:2    | Noticed Jorgrun
 12752 | Orc:2    | Noticed an orc sorcerer
 12763 | Orc:2    | Paralysed by an orc sorcerer for 5 turns
 12764 | Orc:2    | Killed from afar by Jorgrun

Illustrated notes

Levels and vault maps discovered:
D:1:      dpeg_arrival_shelter, layout_loops_ring, serial_bayou,
          serial_bayou_pond_e, serial_bayou_lake_a, serial_bayou_shore_b,
          serial_bayou_pond_e, minmay_fountain_box
D:2:      layout_rooms, minmay_circle_x, uniq_natasha, uniq_jessica,
          uniq_sigmund
D:3:      layout_basic, ebering_ecumenical_altar_rust
D:4:      layout_rooms, uniq_menkaure
D:5:      layout_cave_pools, zin_academy, nicolae_ossuary_entry_ruins,
          due_unseen_surprise
D:6:      layout_loops_ring, okawaru_gym_becter
D:7:      layout_basic, mainiacjoe_overflow_concentric_impassable,
          minmay_temple_entry_statues, serial_glass, glass_columns_a,
          glass_columns_b, abandoned_shop, serial_bayou_ford_a,
          minmay_microvault
D:8:      layout_basic, nicolae_ru_sacrificial_ziggurat,
          mainiacjoe_overflow_large_starburst, uniq_erica, uniq_maggie,
          uniq_grum
D:9:      layout_rooms, lemuel_doored_altar, mainiacjoe_overflow_alcove_2,
          orc_0_dummy, minmay_pinched_square, uniq_amaemon
D:10:     layout_loops_ring, due_lair_maze_entry_diamond,
          gammafunk_ghost_hydra_chop, minmay_misc_feat_encased, uniq_gastronok
Temple:   dpeg_chambers_temple
Orc:1:    layout_caves, serial_shops, shop, uniq_nergalle
Orc:2:    pf_orc_diabolical, layout_diamond_mine, uniq_jorgrun

Skill      XL: |  1  2  3  4  5  6  7  8  9 10 11 |
---------------+----------------------------------+-----
Dodging        | 3 4 |  4.1
Maces & Flails | 5 6 7 9 10 11 13 | 13.1
Fighting       | 4 5 6 7 8 |  8.2
Armour         | 1 2 4 6 9 10 | 10.8
Stealth        | 3 4 |  4.7
Axes           | 2 |  2.5
Shields        | |  0.6
Evocations     | |  0.3

Action                   |  1- 3 |  4- 6 |  7- 9 | 10-12 || total
-------------------------+-------+-------+-------+-------++-------
Melee: Mace              |    62 |   162 |   328 |    21 ||   573
       Punch             |     1 |     1 |     5 |     1 ||     8
       War axe           |       |       |       |    90 ||    90
       Morningstar       |       |       |       |   215 ||   215
       Demon whip        |       |       |       |    46 ||    46
Invok: Call Merchant     |       |       |       |     1 ||     1
Evoke: Wand              |       |     7 |       |       ||     7
  Use: Scroll            |     2 |     5 |     7 |    14 ||    28
       Potion            |       |     1 |       |     5 ||     6
 Stab: Sleeping          |     1 |       |       |       ||     1
       Distracted        |       |       |       |     2 ||     2
Armor: Robe              |    10 |       |       |       ||    10
       Leather armour    |     3 |       |       |       ||     3
       Storm dragon scal |    34 |   116 |   219 |   187 ||   556
Dodge: Dodged            |    25 |    55 |   119 |   128 ||   327
Block: Kite shield       |       |       |       |    31 ||    31

Table legend: (Time is in decaauts)
 A = Elapsed time spent in this place.
 B = Non-inter-level travel time spent in this place.
 C = Inter-level travel time spent in this place.
 D = Time resting spent in this place.
 E = Time spent auto-exploring this place.
 F = Levels seen in this place.
 G = Mean time per level.
                   A        B        C        D        E       F      G
               +--------+--------+--------+--------+--------+-----+--------+
         Total |  12870 |  10847 |   2023 |   2869 |   5534 |  13 |  990.0 |
       Dungeon |  12168 |  10339 |   1829 |   2783 |   5302 |  10 | 1216.8 |
        Temple |    298 |    268 |     30 |      0 |    232 |   1 |  298.0 |
  Orcish Mines |    403 |    239 |    164 |     86 |      0 |   2 |  201.5 |
               +--------+--------+--------+--------+--------+-----+--------+

Top non-repeatable levels by time:
     D:8: 2041 daAuts
     D:9: 1886 daAuts
     D:7: 1639 daAuts
     D:4: 1371 daAuts
     D:2: 1270 daAuts
     D:6: 1101 daAuts
     D:3: 1046 daAuts
     D:5: 884 daAuts
     D:1: 827 daAuts
  Temple: 298 daAuts
   Orc:2: 264 daAuts
   Orc:1: 139 daAuts
    D:10: 98 daAuts
